 Dungeon Crawl Stone Soup version 0.19-a0-1922-g1e9a4c1 (webtiles) character file.

126 witty the Grave Robber (level 5, 0/44 (45) HPs)
             Began as a Ghoul Necromancer on Oct 21, 2016.
             Slain by an orc wizard
             ... wielding a +0 dagger
              (2 damage)
             ... on level 4 of the Dungeon on Oct 24, 2016.
             The game lasted 00:09:38 (2695 turns).

witty the Grave Robber (Ghoul Necromancer)          Turns: 2695, Time: 00:09:39

HP:   0/44 (45)     AC:  2    Str: 12    XL:     5   Next: 10%
MP:   0/6           EV: 16    Int: 15    God:
Gold: 163           SH:  0    Dex: 15    Spells: 2 memorised, 5 levels left

rFire  x . .     SeeInvis .       - Unarmed
rCold  + + .     Gourm    .     a - +0 robe
rNeg   + + +     Faith    .     g - +0 buckler
rPois  ∞         Spirit   +     (no helmet)
rElec  .         Reflect  .     (no cloak)
rCorr  .         Harm     .     (no gloves)
MR     .....                    (no boots)
Stlth  ++........               k - amulet of guardian spirit {Spirit}
                                (no ring)
                                r - ring of ice {rC+, rF-}

@: confused, brilliant, agile, rotting
A: rotting body, claws 1, carnivore 3, cold resistance 1, negative energy
resistance 3, slow regeneration 1, torment resistance, unbreathing
a: no special abilities


You were on level 4 of the Dungeon.
You were not hungry.

You visited 1 branch of the dungeon, and saw 4 of its levels.

You collected 163 gold pieces.

Inventory:

Hand Weapons
 l - a +2 short sword of venom
   (You took it off a kobold on level 2 of the Dungeon)
 p - a +0 blowgun
   (You took it off a kobold on level 3 of the Dungeon)
Missiles
 q - 21 poisoned needles
Armour
 a - a +0 robe (worn)
 g - a +0 buckler (worn)
   (You took it off a kobold on level 1 of the Dungeon)
 s - a cursed +0 leather armour
   (You found it on level 4 of the Dungeon)
Jewellery
 k - an amulet of guardian spirit (around neck) {Spirit}
   (You found it on level 1 of the Dungeon)
 r - a ring of ice (left claw) {rC+, rF-}
   (You found it on level 4 of the Dungeon)
Wands
 m - a wand of confusion (10/48)
   (You found it on level 2 of the Dungeon)
Scrolls
 e - 3 scrolls of random uselessness {unknown}
 f - 2 scrolls of identify {unknown}
 h - a scroll of magic mapping {unknown}
Potions
 o - a potion of agility
Books
 b - a book of Necromancy
Comestibles
 c - a meat ration {@e2}
 i - a beef jerky
 j - a royal jelly


   Skills:
 + Level 3.6 Fighting
 - Level 1.7 Dodging
 - Level 2.1 Stealth
 + Level 3.1 Unarmed Combat
 - Level 1.7 Spellcasting
 - Level 4.0 Necromancy


You had 5 spell levels left.
You knew the following spells:

 Your Spells              Type           Power        Failure   Level  Hunger
a - Pain                  Necr           ###.         1%          1    ##.....
b - Animate Skeleton      Necr           N/A          1%          1    ##.....


Dungeon Overview and Level Annotations

Branches:
Dungeon (4/15)
 Temple: D:4-7

Altars:
Dithmenos
Elyvilon
Fedhas
Gozag
Okawaru
Qazlal
Ru
Uskayaw

Annotations:
D:3 Jane's ghost, amateur TeCj


Innate Abilities, Weirdness & Mutations

Your body is rotting away.
You thrive on raw meat.
You are immune to poison.
You have sharp fingernails.
You are carnivorous and can eat meat at any time.
Your flesh is cold resistant. (rC+)
You are immune to negative energy. (rN+++)
You regenerate slowly when monsters are visible.
You are immune to unholy pain and torment.
You can survive without breathing.


Message History

The orc priest miscasts a cantrip.
The jackal bites your jackal skeleton.
Your jackal skeleton bites the jackal.
The orc wizard hits your jackal skeleton but does no damage.
The jackal bites your jackal skeleton.
Something barely misses your jackal skeleton.
Your jackal skeleton bites the jackal but does no damage.
The jackal barely misses your jackal skeleton.
The orc wizard hits your jackal skeleton but does no damage.
Something bites your jackal skeleton. The jackal bites your jackal skeleton.
Your jackal skeleton is destroyed!
You scratch the orc but do no damage. You scratch the orc but do no damage.
The orc closely misses you.
You scratch the orc. The orc barely misses you.
MP restored: 6 The orc priest invokes the aid of Beogh against you.
Beogh smites you!
You take 12 damage, and have 21/44 hp.
MASSIVE DAMAGE!!
You now have 3/6 mp.
A dart slug comes into view.
The jackal falls through a shaft!
The shaft crumbles and collapses.
The orc wizard mumbles some strange words.
The orc wizard flickers and vanishes!
Deactivating autopickup; reactivate with Ctrl-A.
You closely miss the orc. The orc misses you.
You closely miss the orc. You scratch the orc but do no damage.
The orc hits you but does no damage.
You scratch the orc but do no damage. Something hits you but does no damage.
Your shield prevents you from hitting the orc.
The orc closely misses you. Something hits you.
You take 3 damage, and have 20/44 hp.
You now have 4/6 mp.
You closely miss the orc. The orc barely misses you.
Something completely misses you.
Unknown command.
Okay, then.
You scratch the orc. The orc hits you but does no damage.
Something hits you but does no damage.
You scratch the orc.
You kill the orc!
Something completely misses you.
You hear some strange, mumbled words.
You are confused.
You're too confused to move!
You hear some strange, mumbled words.
You are more confused.
You bump into the rock wall.
You hear some strange, mumbled words.
Something tries to affect you, but you resist.
You miss something. Something hits you.
You take 4 damage, and have 16/44 hp.
You now have 4/6 mp.
You bump into the rock wall.
Something hits you.
You take 2 damage, and have 14/44 hp.
You bump into the rock wall.
Something hits you but does no damage.
You barely miss something. Something hits you.
* * * LOW HITPOINT WARNING * * *
You take 2 damage, and have 12/44 hp.
You now have 3/6 mp.
You bump into the rock wall.
Something hits you.
* * * LOW HITPOINT WARNING * * *
You take 1 damage, and have 11/44 hp.
You now have 2/6 mp.
You bump into the rock wall.
Something hits you.
* * * LOW HITPOINT WARNING * * *
You take 1 damage, and have 10/44 hp.
You now have 1/6 mp.
You bump into the rock wall.
Something hits you but does no damage.
Okay, then.
You're too confused to move!
Something hits you but does no damage.
You bump into the rock wall.
Something hits you.
* * * LOW HITPOINT WARNING * * *
You take 2 damage, and have 8/44 hp.
You closely miss something.
You feel less confused. Something hits you.
* * * LOW HITPOINT WARNING * * *
You take 1 damage, and have 7/44 hp.
You now have 1/6 mp.
You closely miss something. You block something's attack.
You barely miss something.
An orc wizard appears from thin air!
Reactivating autopickup.
The orc wizard hits you with a dagger.
You now have 0/6 mp.
You barely miss the orc wizard.
The orc wizard gestures at you while chanting.
You are confused.
You're too confused!
It was a potion of agility.
You feel agile all of a sudden.
The orc wizard points at you and mumbles some strange words.
The magic dart hits you!
* * * LOW HITPOINT WARNING * * *
You take 5 damage, and have 2/44 hp.
It was a potion of brilliance.
You feel clever all of a sudden. The orc wizard casts a spell at you.
You resist with some effort.
You bump into the rock wall.
The orc wizard gestures at you while chanting.
The puff of flame hits you!
* * * LOW HITPOINT WARNING * * *
You take 1 damage, and have 2/44 hp.
You miss the orc wizard. The orc wizard hits you with a dagger.
You die...

########
#############......##
#hho@................
###.##########...._....
#..h.....hh..#.....[...
#.#.########.#..#####..
#.#...........h.#(..#..
#.############.h#(..#..
#...h.h{.##.....#####..
###.##..#####.##............
.........[o.h..h.........>...


You could see an orc wizard and 2 jackals.

Vanquished Creatures
  3 adders (D:2)
  2 oozes
  An adder skeleton (D:4)
  A worm (D:2)
  3 dart slugs
  3 leopard geckos
  An orc (D:4)
  10 bats
  A giant cockroach (D:1)
  5 goblins
  6 hobgoblins
  9 jackals
  6 kobolds
  4 frilled lizards
  4 rats
59 creatures vanquished.

Vanquished Creatures (collateral kills)
  An adder (D:3)
  A leopard gecko (D:3)
  A bat (D:3)
  A goblin (D:3)
  A kobold (D:3)
5 creatures vanquished.

Grand Total: 64 creatures vanquished

Notes
Turn   | Place    | Note
-------+----------+-------------------------------------------
     0 | D:1      | witty the Ghoul Necromancer began the quest for the Orb.
     0 | D:1      | Reached XP level 1. HP: 14/14 MP: 2/2
    37 | D:1      | Reached skill level 1 in Fighting
   178 | D:1      | Reached XP level 2. HP: 14/23 MP: 0/3
   271 | D:1      | Reached skill level 2 in Fighting
   706 | D:1      | Reached skill level 1 in Unarmed Combat
   717 | D:1      | Reached XP level 3. HP: 14/29 MP: 4/4
   920 | D:1      | Learned a level 1 spell: Animate Skeleton
  1380 | D:2      | Reached skill level 2 in Unarmed Combat
  1531 | D:2      | Reached XP level 4. HP: 25/36 MP: 0/5
  2028 | D:2      | Upgraded the game from 0.19-a0-1907-gcff654f to 0.19-a0-1922-g1e9a4c1
  2089 | D:3      | Found a sacrificial altar of Ru.
  2118 | D:3      | Reached skill level 3 in Fighting
  2229 | D:3      | Reached skill level 3 in Unarmed Combat
  2414 | D:3      | Found a stormy altar of Qazlal.
  2420 | D:3      | Found a white marble altar of Elyvilon.
  2423 | D:3      | Found a shadowy altar of Dithmenos.
  2425 | D:3      | Found a blossoming altar of Fedhas.
  2426 | D:3      | Found an opulent altar of Gozag.
  2485 | D:3      | Found an iron altar of Okawaru.
  2485 | D:3      | Noticed Jane's ghost (amateur TeCj)
  2571 | D:4      | Noticed a hand axe
  2572 | D:4      | Found a hide-covered altar of Uskayaw.
  2572 | D:4      | Noticed a hand axe
  2588 | D:4      | Reached XP level 5. HP: 40/45 MP: 4/6
  2683 | D:4      | HP: 11/44 [something (1)]
  2688 | D:4      | HP: 7/44 [something (1)]
  2692 | D:4      | HP: 2/44 [orc wizard/magic dart (5)]
  2695 | D:4      | Slain by an orc wizard

Vault maps used:
D:1:      minmay_arrival_four_circles, minivault_24
D:2:      amethyst_killhole, minmay_statues_item
D:3:      nemelex_altar_shiori, grunt_temple_overflow_open,
          nicolae_overflow_hidden_temple, old_standard_altar, first_bread
D:4:      lemuel_coloured_pillars_altar, tso_altar, dancing_weapons_uskayaw

Skill      XL: |  1  2  3  4 |
---------------+-------------+-----
Fighting       | 1 2 3 |  3.6
Unarmed Combat | 1 2 3 |  3.1
Dodging        | |  1.7
Stealth        | |  2.1
Spellcasting   | |  1.7
Necromancy     | |  4.0

Action                   |  1- 3 |  4- 6 || total
-------------------------+-------+-------++-------
Melee: Unarmed           |   123 |   129 ||   252
 Cast: Pain              |    18 |     6 ||    24
       Animate Skeleton  |     3 |     8 ||    11
  Use: Potion            |       |     2 ||     2
 Stab: Sleeping          |     3 |     3 ||     6
  Eat: Chunk             |     5 |     9 ||    14
Armor: Robe              |    52 |    25 ||    77
Dodge: Dodged            |   101 |    76 ||   177
Block: Buckler           |     7 |    20 ||    27

Vault maps used:
D:1:      minmay_arrival_four_circles, minivault_24
D:2:      amethyst_killhole, minmay_statues_item
D:3:      nemelex_altar_shiori, grunt_temple_overflow_open,
          nicolae_overflow_hidden_temple, old_standard_altar, first_bread
D:4:      lemuel_coloured_pillars_altar, tso_altar, dancing_weapons_uskayaw

Table legend:
 A = Turns spent in this place as a percentage of turns spent in the entire game.
 B = Non-inter-level travel turns spent in this place as a percentage of non-inter-level travel turns spent in the entire game.
 C = Inter-level travel turns spent in this place as a percentage of turns spent in this place.
 D = Turns resting spent in this place as a percentage of non-inter-level travel turns spent in this place.
 E = Turns spent auto-exploring this place as a percentage of non-inter-level travel turns spent in this place.
 F = Non-inter-level travel turns spent in this place divided by the number of levels of this place that you've seen.
                   A       B       C       D       E      F
               +-------+-------+-------+-------+-------+----------------------
         Total | 100.0 | 100.0 |   0.2 |   3.3 |   6.8 | 243.2
       Dungeon | 100.0 | 100.0 |   0.2 |   3.3 |   6.8 | 243.2
               +-------+-------+-------+-------+-------+----------------------

Table legend:
 A = Kills in this place as a percentage of kills in entire the game.
 B = Kills by you in this place as a percentage of kills by you in the entire game.
 C = Kills by friends in this place as a percentage of kills by friends in the entire game.
 D = Other kills in this place as a percentage of other kills in the entire game.
 E = Experience gained in this place as a percentage of experience gained in the entire game.
 F = Experience gained in this place divided by the number of levels of this place that you have seen.
                   A       B       C       D       E      F
               +-------+-------+-------+-------+-------+----------------------
         Total | 100.0 | 100.0 | 100.0 |  -nan | 100.0 |  45.2
       Dungeon | 100.0 | 100.0 | 100.0 |  -nan | 100.0 |  45.2
               +-------+-------+-------+-------+-------+----------------------
